Map: Lerilak Crest

Players

SilentStorm

  • Race: Zerg Zerg
  • League: Bronze

SticklerMac - Winner!

  • Race: Zerg Zerg
  • League: Silver

VOD

Have the link to the VOD?

Description

Time

  • Played on: Aug. 21, 2015, 8:02 a.m.
  • Length: 5:19
Show
View Real Time Build Order
Export as new Build Order

SilentStorm Zerg 

Build Orders: Pool First 

Get SALT Encoding   

  12  0:01  Drone  
  13  0:08  Drone  
  14  0:18  Overlord  
  14  0:38  Drone  
  14  0:39  Drone x2  
  17  0:51  Spawning Pool  
  17  0:53  Drone  
  17  1:04  Drone  
  18  1:15  Extractor  
  17  1:20  Drone  
  18  1:26  Drone  
  19  1:33  Hatchery  
  19  1:37  Drone  
  19  1:45  Queen  
  21  1:51  Drone  
  22  2:02  Overlord  
  22  2:20  Queen  
  24  2:29  Zergling x2  
  26  2:30  Zergling x4  
  27  2:48  Drone x2  
  27  2:49  Metabolic Boost  
  30  3:05  Drone x2  
  30  3:06  Drone x2  
  30  3:10  Drone  
  34  3:17  Overlord  
  34  3:18  Overlord  
  34  3:30  Lair  
  34  3:35  Queen  
  36  3:42  Drone x4  
  36  3:43  Drone  
  25  4:09  Zergling x2  
  24  4:10  Zergling x8  
  25  4:25  Zergling x6  
  27  4:39  Zergling x6  
Show
View Real Time Build Order
Export as new Build Order

SticklerMac Zerg - Winner!

Build Orders: Hatch First, Zergling Baneling 

Get SALT Encoding   

  12  0:01  Drone  
  13  0:11  Drone  
  14  0:17  Overlord  
  14  0:36  Drone x3  
  17  0:57  Hatchery  
  17  1:01  Drone  
  17  1:05  Drone  
  17  1:09  Extractor  
  17  1:22  Spawning Pool  
  17  1:23  Drone  
  17  1:27  Drone  
  17  1:31  Drone  
  19  1:40  Drone  
  20  1:51  Drone  
  21  2:04  Drone  
  22  2:11  Drone, Queen  
  22  2:12  Queen  
  22  2:15  Metabolic Boost  
  27  2:19  Drone  
  28  2:26  Overlord  
  28  2:30  Overlord  
  28  2:48  Hatchery  
  27  2:55  Zergling x6  
  30  2:59  Zergling x2  
  30  3:00  Zergling x2  
  32  3:10  Queen  
  34  3:14  Overlord  
  34  3:25  Baneling Nest  
  34  3:26  Drone x2  
  35  3:30  Drone  
  35  3:32  Drone  
  37  3:37  Drone x2  
  37  3:39  Drone  
  40  3:50  Zergling x2  
  40  3:51  Zergling x6  
  43  4:00  Zergling x8  
  47  4:08  Zergling x2  
  47  4:09  Zergling x2  
  49  4:18  Overlord x3  
  49  4:28  Zergling x2  
  48  4:39  Zergling x18  
  57  4:47  Baneling x9  
  57  4:48  Baneling x2  
  57  4:50  Zergling x2  
  58  4:53  Zergling x2  
  59  5:01  Zergling x8  
Tags
 
Add a new tag
Caveats
  • Supply blocks, unpowered buildings, or Contaminate may cause inaccurate times.
  • Supply counts are checked every 10 seconds.